 Dungeon Crawl Stone Soup version 0.23.1 (webtiles) character file.

Game seed: 8918959180432296235

109 Laiders72 the Shield-Bearer (level 5, 0/42 HPs)
             Began as a Formicid Fighter on Mar 10, 2019.
             Succumbed to a gnoll's poison
             ... on level 3 of the Dungeon.
             The game lasted 00:04:00 (2218 turns).

Laiders72 the Shield-Bearer (Formicid Fighter)      Turns: 2218, Time: 00:04:00

Health: 0/42       AC:  6    Str: 20    XL:     5   Next: 13%
Magic:  5/5        EV:  6    Int:  8    God:
Gold:   80         SH: 14    Dex: 11    Spells: 4/4 levels left

rFire    + . .     SeeInvis +   a - +0 flail
rCold    + . .     Gourm    .   k - +0 large shield {rC+ rF+}
rNeg     . . .     Faith    .   b - +0 scale mail
rPois    .         Spirit   .   (helmet unavailable)
rElec    .         Reflect  .   (no cloak)
rCorr    .         Harm     .   (no gloves)
MR       .....                  (no boots)
Stlth    ..........             (no amulet)
HPRegen  0.14/turn              m - ring of flight
MPRegen  0.09/turn              (no ring)

@: lethally poisoned (0 -> -34)
A: permanent stasis, dig shafts and tunnels, four strong arms, antennae 3
a: Dig, Shaft Self, Evoke Flight


You were on level 3 of the Dungeon.
You were not hungry.

You visited 1 branch of the dungeon, and saw 3 of its levels.

You collected 80 gold pieces.

Inventory:

Hand Weapons
 a - a +0 flail (weapon)
Missiles
 s - 8 javelins (quivered)
Armour
 b - a +0 scale mail (worn)
 k - a +0 large shield of resistance (worn)
Jewellery
 m - a ring of flight (left hand)
Scrolls
 g - 2 scrolls of amnesia {unknown}
 i - 3 scrolls of remove curse {unknown}
 j - 2 scrolls of identify {unknown}
 n - a scroll of blinking {unknown}
 q - a scroll of teleportation {unknown}
Potions
 c - a potion of agility {unknown}
 d - a potion of might
 e - a potion of cancellation {unknown}
 h - 2 potions of heal wounds
 l - a potion of haste {unknown}
 o - 3 potions of curing {unknown}
 p - 2 potions of invisibility {unknown}
 r - a potion of brilliance {unknown}
 u - a potion of ambrosia {unknown}
Comestibles
 f - 7 rations
 t - a chunk of flesh


   Skills:
 + Level 4.1 Fighting
 * Level 3.7 Maces & Flails
 - Level 3.2 Armour
 + Level 4.5 Shields


You had 4 spell levels left.
You didn't know any spells.
Your spell library was empty.

Dungeon Overview and Level Annotations

Branches:
Dungeon (3/15)

Altars:


Innate Abilities, Weirdness & Mutations

You cannot be hasted, slowed, berserked, paralysed or teleported.
You can dig through walls and to a lower floor.
Your four strong arms can wield two-handed weapons with a shield.
You have a pair of large antennae on your head. (SInv)


Message History

The rat bites you but does no damage.
You shred the net and break free!
You feel sick. You block the leopard gecko's attack.
The gnoll hits you from afar with a +2 halberd of venom!
You are lethally poisoned!
The rat bites you but does no damage.
You feel very sick.
You block the leopard gecko's attack. x2
You feel sick.
You feel sick. You block the leopard gecko's attack.
You feel sick.
You closely miss the leopard gecko.
You feel sick.
The leopard gecko completely misses you.
You block the leopard gecko's attack. You block the gnoll's attack.
You barely miss the leopard gecko.
You feel sick. You block the leopard gecko's attack.
The gnoll hits you from afar with a +2 halberd of venom!
* * * LOW HITPOINT WARNING * * *
You are more poisoned.
You die...

##..............##
##.....##.....##
#.
#########..#####.
#. #..........
##.###.###.# #
#...##.###.##.#
#...#rg.#.....#.
#.†.#l#g........
#...@.#.........
#...###.........
#.>.# #.........
#...# #.#.......
#...# ....≈...#.
#...##...#≈##.≈≈
#...##..≈ ≈# ≈≈.
#### .≈≈.... ..


You could see a gnoll, a leopard gecko and a rat.

Vanquished Creatures
  4 gnolls (D:2)
  2 adders (D:2)
  An ooze (D:3)
  A dart slug (D:1)
  A leopard gecko (D:2)
  A ball python (D:1)
  2 giant cockroaches (D:1)
  7 goblins
  5 hobgoblins
  4 jackals (D:1)
  7 kobolds
  A quokka (D:3)
  2 bats (D:1)
  4 frilled lizards (D:1)
  3 rats
45 creatures vanquished.

Notes
Turn   | Place    | Note
-------+----------+-------------------------------------------
     0 | D:1      | Laiders72 the Formicid Fighter began the quest for the Orb.
     0 | D:1      | Reached XP level 1. HP: 18/18 MP: 1/1
    40 | D:1      | Reached XP level 2. HP: 19/24 MP: 2/2
   609 | D:1      | Reached XP level 3. HP: 29/29 MP: 3/3
  1168 | D:2      | Reached XP level 4. HP: 9/37 MP: 4/4
  1511 | D:2      | Reached XP level 5. HP: 11/42 MP: 5/5
  2218 | D:3      | Succumbed to a gnoll's poison

Skill      XL: |  1  2  3  4 |
---------------+-------------+-----
Shields        | 4 |  4.5
Maces & Flails | 3 |  3.7
Fighting       | 4 |  4.1
Armour         | |  3.2

Action                   |  1- 3 |  4- 6 || total
-------------------------+-------+-------++-------
Melee: Flail             |   121 |    88 ||   209
  Use: Potion            |       |     1 ||     1
  Eat: Chunk             |     1 |     4 ||     5
Armor: Scale mail        |    83 |    37 ||   120
Dodge: Dodged            |    48 |    17 ||    65
Block: Shield            |    41 |       ||    41
       Large shield      |    62 |    77 ||   139
